 Dungeon Crawl Stone Soup version bcrawl-1.39.1 (webtiles) character file.

Game seed: 12506437391055199352

329930 Finalfun the Geomancer (level 12, 0/101 HPs)
             Began as a Demigod Earth Elementalist on Sept 21, 2023.
             Succumbed to a black mamba's poison
             ... on level 4 of the Lair of Beasts.
             The game lasted 01:04:28 (16044 turns).

Finalfun the Geomancer (DgEE)                      Turns: 16044, Time: 01:04:29

Health: 0/101      AC:  4    Str: 12    XL:     12   Next: 38%
Magic:  3/29       EV: 23    Int: 27    God:    Demigod [****..]
Gold:   770        SH:  0    Dex: 22    Spells: 10/29 levels left

rFire    + . .     GDR:     32% b - +0 hunting sling
rCold    + . .     SeeInvis .   (no shield)
rNeg     . . .     Gourm    .   c - +0 robe
rPois    .         Faith    .   (no helmet)
rElec    .         Spirit   .   L - scarf {rC+ rF+}
rCorr    .         Reflect  .   r - +1 pair of gloves
MR       ++...                  (no boots)
Stlth    ++........             (no amulet)
HPRegen  0.26/turn              o - ring of protection from magic
MPRegen  0.21/turn              z - +3 ring of evasion

@: agile, lethally poisoned (0 -> -16), very slow
A: high mp 1
a: Temporal Distortion, Growth, Major Destruction, Heroism


You were on level 4 of the Lair of Beasts.
You worshipped Demigod.
Demigod was greatly pleased with you.
You were hungry.

You visited 2 branches of the dungeon, and saw 12 of its levels.

You collected 770 gold pieces.

Inventory:

Hand Weapons
 a - a +2 dagger of freezing
 b - a +0 hunting sling (weapon)
Missiles
 d - 1391 stones
 j - 905 sling bullets (quivered)
Armour
 c - a +0 robe (worn)
 r - a +1 pair of gloves (worn)
 L - a scarf of resistance (worn)
Jewellery
 o - a ring of protection from magic (left hand)
 y - an uncursed ring of magical power {unknown}
 z - a +3 ring of evasion (right hand)
Wands
 t - a wand of flame (21)
 A - a wand of disintegration (5)
 B - a wand of paralysis (7)
 G - a wand of random effects (12)
 J - a wand of polymorph (5)
Scrolls
 f - 2 scrolls of enchant weapon
 g - 3 scrolls of immolation
 h - a scroll of enchant armour
 i - a scroll of identify
 u - a scroll of amnesia {unknown}
 v - 2 scrolls of remove curse
 C - 5 scrolls of teleportation
 E - a scroll of vulnerability
 F - a scroll of revelation {unknown}
 I - 2 scrolls of summoning {unknown}
 K - a scroll of silence {unknown}
Potions
 k - 2 potions of curing
 l - 2 potions of agility
 m - a potion of ambrosia
 n - 2 potions of might
 p - a potion of magic {unknown}
 q - 2 potions of mutation
 s - a potion of lignification {unknown}
 w - 2 potions of brilliance
 x - a potion of cancellation {unknown}
 D - a potion of degeneration {unknown}
Comestibles
 e - 8 rations {!d}


   Skills:
 - Level 8.0 Fighting
 - Level 4.0 Dodging
 - Level 2.0 Stealth
 - Level 0.8 Unarmed Combat
 + Level 9.4 Spellcasting
 - Level 3.0 Conjurations
 + Level 1.5 Necromancy
 - Level 6.0 Transmutations
 - Level 10.0 Earth Magic
 - Level 8.0 Invocations
 + Level 3.6 Evocations


You had 10 spell levels left.
You knew the following spells:

 Your Spells              Type           Power        Failure   Level  Hunger
a - Sandblast             Erth           ######       1%          1    None
b - Stone Arrow           Conj/Erth      #####.       1%          3    None
c - Petrify               Tmut/Erth      ######....   1%          4    ##.....
d - Lee's Rapid Deconstr  Erth           ######....   1%          5    ####...
e - Borgnjor's Vile Clut  Necr/Erth      #####.....   54%         6    #####..

Your spell library contained the following spells:

 Spells                   Type           Power        Failure   Level  Hunger
 Passwall                 Tmut/Erth      ######..     1%          2    None
 Apportation              Tloc           ##....       4%          1    None
 Corona                   Hex            ##.....      4%          1    None
 Infusion                 Chrm           ##......     4%          1    None
 Slow                     Hex            ##......     4%          1    None
 Summon Butterflies       Summ           ##......     4%          1    None
 Ensorcelled Hibernation  Hex/Ice        ##....       7%          2    None
 Infestation              Hex/Tmut/Pois  ###......    97%         6    #####..
 Darkness                 Hex            ##........   100%        6    #####..
 Shadow Creatures         Summ           N/A          100%        7    #######
 Time Stop                Chrm/Tloc      N/A          100%        8    #######


Dungeon Overview and Level Annotations

Branches:
Dungeon (8/12)             Temple (0/1) D:6            Lair (4/6) D:8
  Swamp (0/3) Lair:3       Shoals (0/3) Lair:3
    Orc: D:8-11

Annotations:
D:3 Sigmund
D:5 3 runed translucent doors, 2 transporters, exclusion: two-headed ogre, foxfromabyss's ghost, novice MfSk
D:7 1 runed door
Lair:2 Gastronok
Lair:3 exclusion: hydra


Innate Abilities, Weirdness & Mutations

You have an increased reservoir of magic. (+10% MP)


Message History

The blast of calcifying dust hits you.
* * * LOW HITPOINT WARNING * * *
The black mamba is no longer petrified.
Casting: Lee's Rapid Deconstruction (safe; 1% risk of failure)
Confirm with . or Enter, or press ? or * to list all spells.
Aiming: Petrify (safe; 1% risk of failure)
Press: ? - help, Shift-Dir - straight line, f - black mamba
Aim: a black mamba (chance to defeat MR: 83%)
The black mamba is moving more slowly.
The black mamba completely misses you. The black mamba bites you!
* * * LOW HITPOINT WARNING * * *
You enter the shallow water.
Moving in this stuff is going to be slow.
The black mamba bites you!
* * * LOW HITPOINT WARNING * * *
You are lethally poisoned!
The black mamba poisons you! The black mamba bites you!
* * * LOW HITPOINT WARNING * * *
You die...
Your divinity fades.

≈≈≈≈≈≈P #.# #########
≈≈≈≈≈≈≈≈♣♣##.###.#.##.#.
≈≈≈≈≈≈≈P≈♣........§..PPP
≈≈≈≈≈P≈≈≈♣..........§PY.
≈≈≈≈≈≈≈P≈....#.#..####.P
P≈≈P≈≈≈≈≈....#.#....##..
≈≈≈≈≈≈≈≈≈S..........#...
P≈≈≈≈≈≈≈≈...##..........
≈≈P..P≈@P...##[......#..
≈PP..≈P.P...##......##..
............#.#.#.#.#...
...............#.#Y..P..
........................
.......................
......................
..................... .
.....................


You could see a black mamba (petrifying).

Vanquished Creatures
  4 hydras
  Psyche (D:8)
  A two-headed ogre (D:8)
  A death yak (D:7)
  An oklob plant (Lair:1)
  4 cane toads
  A komodo dragon (Lair:2)
  3 rime drakes
  A slime creature (D:7)
  4 blink frogs (Lair:4)
  5 hippogriffs
  13 yaks
  3 basilisks
  A hungry ghost (D:6)
  A warg (Lair:1)
  9 crocodiles
  Edmund (D:6)
  6 water moccasins
  6 porcupines
  2 ice beasts
  3 orc warriors (D:6)
  5 ogres
  A cane toad skeleton (D:8)
  A phantom (D:7)
  18 wolves
  9 bullfrogs
  A wyvern zombie (D:8)
  A wyvern skeleton (D:8)
  2 centaurs
  4 scorpions
  6 killer bees (D:7)
  5 wights (D:7)
  A howler monkey (D:6)
  7 orc priests
  A bullfrog zombie (D:8)
  3 crimson imps
  9 hounds
  3 jellies
  11 orc wizards
  2 bullfrog skeletons
  2 iguanas
  6 worker ants
  A hound zombie (D:5)
  3 hound skeletons
  3 worker ant zombies
  3 gnolls (D:7)
  12 adders
  4 shadow imps
  3 oozes
  An adder zombie (D:6)
  3 adder skeletons
  4 worms
  A dart slug (D:4)
  5 leopard geckos
  31 orcs
  A ball python (D:2)
  A giant cockroach (D:2)
  5 goblins
  8 hobgoblins
  14 jackals
  A quokka (D:8)
  9 bats
  A frilled lizard (D:2)
  A jackal zombie (D:6)
  12 kobolds
  A quokka skeleton (D:4)
  3 rats
  A plant (Lair:1)
301 creatures vanquished.

Vanquished Creatures (others)
  10 plants
10 creatures vanquished.

Grand Total: 311 creatures vanquished

Notes
Turn   | Place    | Note
-------+----------+-------------------------------------------
     0 | D:1      | Finalfun the Demigod Earth Elementalist began the quest for
                  | the Orb.
     0 | D:1      | Reached XP level 1. HP: 14/14 MP: 5/5
     9 | D:1      | Noticed a yaktaur captain
     9 | D:1      | Noticed a worker ant
     9 | D:1      | Noticed an iguana
   568 | D:1      | Reached XP level 2. HP: 20/20 MP: 5/7
   751 | D:1      | Reached skill level 3 in Earth Magic
  1082 | D:2      | Reached XP level 3. HP: 14/26 MP: 7/9
  1267 | D:2      | Reached * piety under Demigod
  1442 | D:2      | Reached XP level 4. HP: 30/33 MP: 7/12
  1459 | D:2      | Learned a level 3 spell: Stone Arrow
  1501 | D:2      | Found a burning altar of Makhleb.
  1549 | D:2      | Noticed an ogre
  1555 | D:2      | Killed an ogre
  1556 | D:2      | Reached skill level 1 in Conjurations
  1556 | D:2      | Reached XP level 5. HP: 38/38 MP: 0/13
  2353 | D:3      | Found a shattered altar of Ashenzari.
  2448 | D:3      | Noticed Sigmund
  2666 | D:3      | Found a basalt altar of Yredelemnul.
  3514 | D:4      | Reached XP level 6. HP: 45/45 MP: 7/14
  3862 | D:4      | Found a bloodstained altar of Trog.
  4047 | D:4      | Reached skill level 5 in Invocations
  4125 | D:3      | Found a faded altar of an unknown god.
  4223 | D:4      | Found an iron altar of Okawaru.
  4230 | D:4      | Reached ** piety under Demigod
  4429 | D:4      | Reached XP level 7. HP: 50/50 MP: 5/15
  4757 | D:4      | Found a shimmering altar of Xom.
  4991 | D:5      | Entered Level 5 of the Dungeon
  5037 | D:5      | Noticed a two-headed ogre
  5049 | D:5      | Learned a level 4 spell: Petrify
  5093 | D:5      | Found a runed translucent gate.
  5097 | D:5      | Found a runed translucent gate.
  5097 | D:5      | Found a runed translucent gate.
  5100 | D:5      | Noticed foxfromabyss's ghost (novice MfSk)
  5227 | D:5      | Found a transporter.
  5230 | D:5      | Found a transporter.
  5256 | D:5      | Reached skill level 1 in Fighting
  5835 | D:5      | Reached XP level 8. HP: 59/66 MP: 1/17
  6113 | D:5      | Reached skill level 1 in Transmutations
  6366 | D:5      | Learned a level 5 spell: Lee's Rapid Deconstruction
  6568 | D:6      | Found a shattered altar of Ashenzari.
  6758 | D:6      | Reached skill level 4 in Earth Magic
  6870 | D:6      | Reached *** piety under Demigod
  7270 | D:6      | Noticed Edmund
  7438 | D:6      | Killed Edmund
  7439 | D:6      | Reached skill level 5 in Earth Magic
  7529 | D:6      | Reached XP level 9. HP: 54/71 MP: 8/18
  8349 | D:6      | Found a staircase to the Ecumenical Temple.
  8617 | D:6      | Reached skill level 5 in Transmutations
  8655 | D:6      | Reached skill level 6 in Earth Magic
  8832 | D:7      | Found a runed door.
  8877 | D:7      | Reached skill level 7 in Earth Magic
  9095 | D:7      | Reached skill level 8 in Earth Magic
  9402 | D:7      | Reached XP level 10. HP: 78/78 MP: 17/19
  9638 | D:7      | Reached skill level 9 in Earth Magic
 10492 | D:8      | Noticed Psyche
 10495 | D:8      | Killed Psyche
 10496 | D:8      | Reached skill level 10 in Earth Magic
 10506 | D:8      | Reached **** piety under Demigod
 10607 | D:8      | Reached skill level 5 in Fighting
 10752 | D:8      | Noticed a two-headed ogre
 10794 | D:8      | Killed a two-headed ogre
 10879 | D:8      | Noticed a death yak
 11285 | D:7      | Killed a death yak
 11286 | D:7      | Reached XP level 11. HP: 48/94 MP: 3/20
 11623 | D:8      | Found a staircase to the Lair.
 11824 | Lair:1   | Entered Level 1 of the Lair of Beasts
 12031 | Lair:1   | Noticed a seven-headed hydra
 12179 | Lair:1   | Killed a seven-headed hydra
 12508 | Lair:1   | Reached skill level 5 in Spellcasting
 12935 | Lair:1   | Noticed an oklob plant
 13052 | Lair:1   | Killed an oklob plant
 13764 | Lair:2   | Noticed a four-headed hydra
 13769 | Lair:2   | Killed a four-headed hydra
 13865 | Lair:2   | Noticed Gastronok
 14828 | Lair:3   | Reached XP level 12. HP: 101/101 MP: 15/28
 14893 | Lair:3   | Found a staircase to the Swamp.
 14893 | Lair:3   | Noticed an eight-headed hydra
 14935 | Lair:3   | Found a staircase to the Shoals.
 15242 | Lair:3   | Reached skill level 1 in Evocations
 15365 | Lair:3   | Killed an eight-headed hydra
 15609 | Lair:4   | Noticed a six-headed hydra
 15614 | Lair:4   | Killed a six-headed hydra
 15691 | Lair:4   | Learned a level 6 spell: Borgnjor's Vile Clutch
 15789 | Lair:4   | Reached skill level 1 in Necromancy
 16005 | Lair:4   | Noticed a catoblepas
 16043 | Lair:4   | HP: 3/101 [black mamba (9)]
 16044 | Lair:4   | Succumbed to a black mamba's poison

Skill      XL: |  1  2  3  4  5  6  7  8  9 10 11 12 |
---------------+-------------------------------------+-----
Dodging        | 2 4 |  4.0
Spellcasting   | 2 3 8 9 |  9.4
Earth Magic    | 3 5 8 10 | 10.0
Conjurations   | 1 2 3 |  3.0
Invocations    | 2 4 6 8 |  8.0
Fighting       | 3 4 8 |  8.0
Transmutations | 4 6 |  6.0
Evocations     | 3 |  3.6
Necromancy     | 1 |  1.5
Stealth        | |  2.0
Unarmed Combat | |  0.8

Action                   |  1- 3 |  4- 6 |  7- 9 | 10-12 || total
-------------------------+-------+-------+-------+-------++-------
Melee: Club              |    73 |    60 |       |       ||   133
       Dagger            |       |    37 |   209 |     8 ||   254
       Punch             |       |       |     1 |       ||     1
 Fire: Hunting sling     |       |       |     7 |   133 ||   140
Throw: Stone             |     1 |    17 |    31 |       ||    49
 Cast: Sandblast         |    27 |     9 |   102 |    62 ||   200
       Stone Arrow       |       |    49 |    93 |   145 ||   287
       Petrify           |       |       |     2 |     2 ||     4
       Lee's Rapid Decon |       |       |       |    76 ||    76
Invok: Major Destruction |       |       |     4 |     2 ||     6
       Growth            |       |       |     4 |     3 ||     7
       Temporal Distorti |       |       |     4 |       ||     4
Evoke: Wand              |       |       |     2 |       ||     2
  Use: Scroll            |     1 |     1 |     5 |     8 ||    15
       Potion            |       |       |     7 |     5 ||    12
 Stab: Sleeping          |     4 |     2 |     2 |       ||     8
       Petrified         |       |       |       |     8 ||     8
  Eat: Chunk             |     5 |    22 |    24 |    41 ||    92
       Ration            |       |       |     6 |     6 ||    12
Armor: Robe              |    22 |    25 |    54 |    24 ||   125
Dodge: Dodged            |    79 |    70 |   188 |   113 ||   450
